 Dungeon Crawl Stone Soup version 0.24-a0-583-g87330a484a (webtiles) character file.

Game seed: 11353901824283823490, levelgen mode: classic

266 MordorOrchid the Firebug (level 6, -1/50 HPs)
             Began as a Draconian Fire Elementalist on Aug 27, 2019.
             Slain by Grinder (6 damage)
             ... on level 3 of the Dungeon on Aug 28, 2019.
             The game lasted 00:13:41 (2863 turns).

MordorOrchid the Firebug (DrFE)                     Turns: 2863, Time: 00:13:42

Health: -1/50      AC:  7    Str: 16    XL:     6   Next: 0%
Magic:  9/10       EV: 13    Int: 25    God:
Gold:   151        SH:  0    Dex: 11    Spells: 5/11 levels left

rFire    . . .     SeeInvis .   q - +0 short sword
rCold    . . .     Gourm    .   (no shield)
rNeg     . . .     Faith    .   (armour unavailable)
rPois    .         Spirit   .   (helmet restricted)
rElec    .         Reflect  .   (no cloak)
rCorr    .         Harm     .   e - +0 pair of gloves
MR       .....                  (no boots)
Stlth    ++........             o - amulet of regeneration
HPRegen  0.56/turn              i - +3 ring of intelligence
MPRegen  0.12/turn              (no ring)

@: mighty, brilliant
A: unfitting armour, cold-blooded, AC +6
a: no special abilities


You were on level 3 of the Dungeon.
You were not hungry.

You visited 1 branch of the dungeon, and saw 3 of its levels.

You collected 151 gold pieces.

Inventory:

Hand Weapons
 q - a +0 short sword (weapon)
Missiles
 h - 2 poisoned darts (quivered)
 p - 22 arrows
Armour
 e - a +0 pair of gloves (worn)
Jewellery
 i - a +3 ring of intelligence (left hand)
 o - an amulet of regeneration (around neck)
Scrolls
 m - a scroll of teleportation
Potions
 d - 2 potions of flight
Comestibles
 b - 6 rations
 j - a chunk of flesh


   Skills:
 * Level 2.4 Fighting
 * Level 2.8 Dodging
 - Level 1.7 Stealth
 + Level 3.2 Spellcasting
 * Level 3.4 Conjurations
 * Level 3.5 Fire Magic


You had 5 spell levels left.
You knew the following spells:

 Your Spells              Type           Power        Failure   Level  Hunger
a - Flame Tongue          Conj/Fire      #####        1%          1    None
b - Throw Flame           Conj/Fire      #####.       1%          2    #......
c - Conjure Flame         Conj/Fire      #####...     1%          3    ###....

Your spell library contained the following spells:

 Spells                   Type           Power        Failure   Level  Hunger
 Inner Flame              Hex/Fire       ####....     1%          3    ###....
 Sticky Flame             Conj/Fire      #####...     3%          4    ####...
 Fireball                 Conj/Fire      #####.....   8%          5    ######.


Dungeon Overview and Level Annotations

Branches:
Dungeon (3/15)

Altars:
Dithmenos

Annotations:
D:3 Grinder


Innate Abilities, Weirdness & Mutations

Your plain brown scales are hard. (AC +6)
You cannot fit into any form of body armour.
You are cold-blooded and may be slowed by cold attacks.


Message History

Grinder is heavily wounded.
Grinder closely misses you.
You puncture Grinder!
Grinder is severely wounded.
Grinder hits you but does no damage.
You barely miss Grinder.
Grinder is severely wounded.
Grinder completely misses you. Grinder misses you.
You closely miss Grinder.
Grinder is severely wounded.
Grinder barely misses you.
You hit Grinder.
Grinder is severely wounded.
Grinder hits you but does no damage.
You closely miss Grinder.
Grinder is severely wounded.
Grinder hits you.
* * * LOW HITPOINT WARNING * * *
You writhe in agony.
You die...

############## #####
#............# ##...##
#.##########.# #.....#######.##
#.# #..............######* #.#
##.....#######...<....* #.#
#.................#.#.# #.#
#.#...########5####,#.# #.#
#.##.## #@# #.#.# #.# #.##.# #.#
#.#.# #.# #.##.#########.#
#(#.###.#####
#.##...........####............
##.##.########.............#####
#.....# ###.#######.#######
#.....## #...........†.....#
##.###..# #.###########.###.#
...###..###**'*** *.# *,**


You could see Grinder.

Vanquished Creatures
  An ogre (D:3)
  4 gnolls (D:3)
  6 adders
  2 oozes
  2 worms
  2 dart slugs
  A leopard gecko (D:1)
  8 orcs (D:3)
  3 giant cockroaches
  5 goblins
  9 hobgoblins
  5 jackals
  5 kobolds
  A quokka (D:3)
  2 ball pythons (D:1)
  6 bats (D:1)
  6 frilled lizards
  4 rats
  A fungus (D:1)
73 creatures vanquished.

Notes
Turn   | Place    | Note
-------+----------+-------------------------------------------
     0 | D:1      | MordorOrchid the Draconian Fire Elementalist began the
                  | quest for the Orb.
     0 | D:1      | Reached XP level 1. HP: 14/14 MP: 3/3
   448 | D:1      | Reached XP level 2. HP: 22/22 MP: 3/5
   452 | D:1      | Learned a level 2 spell: Throw Flame
   646 | D:1      | Reached skill level 1 in Fighting
   859 | D:1      | Reached XP level 3. HP: 28/28 MP: 4/6
   869 | D:1      | Learned a level 3 spell: Conjure Flame
  1225 | D:2      | Found a faded altar of an unknown god.
  1381 | D:2      | Found a shadowy altar of Dithmenos.
  1516 | D:2      | Reached XP level 4. HP: 36/36 MP: 2/7
  2131 | D:3      | Noticed Grinder
  2311 | D:3      | Noticed an ogre
  2349 | D:3      | Killed an ogre
  2349 | D:3      | Reached XP level 5. HP: 41/41 MP: 0/9
  2725 | D:3      | Reached XP level 6. HP: 50/50 MP: 2/10
  2780 | D:3      | Upgraded the game from 0.24-a0-582-g4d4af813a0 to
                  | 0.24-a0-583-g87330a484a
  2826 | D:3      | Paralysed by Grinder for 4 turns
  2831 | D:3      | Paralysed by Grinder for 5 turns
  2842 | D:3      | Paralysed by Grinder for 7 turns
  2854 | D:3      | HP: 1/50 [Grinder (3)]
  2856 | D:3      | Paralysed by Grinder for 2 turns
  2863 | D:3      | Slain by Grinder

Levels and vault maps discovered:
D:1:      dpeg_arrival_water_fire, layout_basic
D:2:      layout_basic, nicolae_dithmenos_shadow_blocks, first_ration,
          chequers_ecumenical_altar_lobes
D:3:      layout_loops_ring, kennysheep_path_1, chequers_serial_rivers_room_b,
          uniq_grinder

Skill      XL: |  1  2  3  4 |
---------------+-------------+-----
Dodging        | 2 |  2.8
Fighting       | 1 2 |  2.4
Conjurations   | 2 3 |  3.4
Spellcasting   | 3 |  3.2
Stealth        | |  1.7
Fire Magic     | |  3.5

Action                   |  1- 3 |  4- 6 || total
-------------------------+-------+-------++-------
Melee: Unarmed           |    32 |     4 ||    36
       Tailslap          |     6 |     1 ||     7
       Short sword       |       |    19 ||    19
Throw: Dart              |    36 |    33 ||    69
 Cast: Flame Tongue      |    39 |    64 ||   103
       Throw Flame       |    11 |     9 ||    20
       Conjure Flame     |     2 |     2 ||     4
  Use: Scroll            |     2 |     7 ||     9
       Potion            |     1 |     4 ||     5
 Stab: Sleeping          |     1 |     1 ||     2
  Eat: Chunk             |     3 |     5 ||     8
Armor: Skin              |    16 |    12 ||    28
Dodge: Dodged            |    16 |    28 ||    44

Table legend:
 A = Non-vault XP
 B = Vault XP
 C = Vault XP percentage of total XP
 D = Non-vault monster count
 E = Vault monster count
 F = Vault count percentage of total count
                 A         B        C        D         E       F
            +---------+---------+-------+---------+---------+-------
      Total |     381 |       0 |   0.0 |      72 |       0 |   0.0
            +---------+---------+-------+---------+---------+-------
        D:1 |      47 |       0 |   0.0 |      25 |       0 |   0.0
        D:2 |      94 |       0 |   0.0 |      20 |       0 |   0.0
        D:3 |     240 |       0 |   0.0 |      27 |       0 |   0.0
            +---------+---------+-------+---------+---------+-------
